 Dungeon Crawl Stone Soup version 0.31-a0-210-gccc998df9b (webtiles) character file.

Game seed: 5518238505477889648

458 ragingrage the Shooter (level 7, -4/50 HPs)
             Began as a Formicid Artificer on June 29, 2023.
             Was an Initiate of Hepliaklqana.
             Slain by an iguana (12 damage)
             ... on level 4 of the Dungeon.
             The game lasted 00:06:20 (4719 turns).

ragingrage the Shooter (Formicid Artificer)         Turns: 4719, Time: 00:06:21

Health: -4/50      AC:  8    Str: 15 (17) XL:     7   Next: 27%
Magic:  7/7        EV: 11    Int: 10      God:    Hepliaklqana [......]
Gold:   176        SH:  0    Dex: 17 (18) Spells: 6/6 levels left

rFire   . . .        b - +2 mace (holy)
rCold   + . .        (no shield)
rNeg    + . .        n - +2 robe of the Falcon {rC+ rCorr Dex+2}
rPois   .            (helmet unavailable)
rElec   .            (no cloak)
rCorr   +            (no gloves)
SInv    +            (no boots)
Will    .....        g - amulet of faith
Stlth   ++           i - ring of positive energy
HPRegen 0.28/turn    v - +4 ring of protection
MPRegen 0.10/turn

%: faith
@: no status effects
A: permanent stasis, dig shafts and tunnels, antennae 3, four strong arms
a: Dig, Shaft Self, Renounce Religion


You were on level 4 of the Dungeon.
You worshipped Hepliaklqana.
Hepliaklqana was noncommittal.
You visited 1 branch of the dungeon, and saw 4 of its levels.

You collected 176 gold pieces.

Inventory:

Hand Weapons
 a - a +0 sling
 b - a +2 mace of holy wrath (weapon)
Missiles
 w - 2 poisoned darts
Armour
 n - the +2 robe of the Falcon (worn) {rC+ rCorr Dex+2}
   (You found it on level 2 of the Dungeon)

   Dex:       It affects your dexterity (+2).
   rC:        It protects you from cold.
   rCorr:     It protects you from acid and corrosion.
Jewellery
 g - an amulet of faith (around neck)
 i - a ring of positive energy (left hand)
 v - a +4 ring of protection (right hand)
Wands
 c - a wand of flame (8) (quivered)
 d - a wand of charming (13)
 e - a wand of iceblast (5)
 s - a wand of polymorph (12)
Scrolls
 f - 5 scrolls of identify {unknown}
 j - 6 scrolls of teleportation {unknown}
 m - a scroll of fear {unknown}
 o - a scroll of enchant weapon {unknown}
 p - a scroll of enchant armour {unknown}
 q - a scroll of fog {unknown}
 r - a scroll of vulnerability {unknown}
Potions
 h - 2 potions of curing
 k - 2 potions of degeneration
 l - a potion of lignification {unknown}
 t - a potion of cancellation {unknown}
 u - a potion of might {unknown}


   Skills:
 - Level 2.1 Fighting
 + Level 6.3 Ranged Weapons
 - Level 2.1 Armour
 - Level 0.8 Dodging
 - Level 2.3 Stealth
 - Level 3.7 Evocations


You had 6 spell levels left.
You didn't know any spells.
Your spell library contained the following spells:

 Spells                   Type           Power      Damage    Failure   Level
 Necrotise                Necr           0%         1d4       36%         1
 Sandblast                Erth           0%         2d4       36%         1
 Cigotuvi's Dreadful Rot  Necr/Pois/Air  0%         N/A       50%         2
 Passwall                 Tmut/Erth      0%         N/A       50%         2
 Ignite Poison            Fire/Tmut/Pois 0%         N/A       75%         3
 Stone Arrow              Conj/Erth      0%         3d7       75%         3
 Vampiric Draining        Necr           0%         2d6       75%         3
 Agony                    Necr           0%         N/A       100%        5
 Freezing Cloud           Conj/Ice/Air   0%         6-21      100%        5


Dungeon Overview and Level Annotations

Branches:
Dungeon (4/15)
 Temple: D:4-7

Altars:
Hepliaklqana
Kikubaaqudgha
Uskayaw
Vehumet

Shops:
D:1 [

Annotations:
D:4 exclusion: iguana


Innate Abilities, Weirdness & Mutations

You cannot be hasted, slowed, berserked, paralysed or teleported.
You can dig through walls and to a lower floor.
You have a pair of large antennae on your head. (SInv)
Your four strong arms can wield two-handed weapons with a shield.


Message History

You kill the orc!
You feel sick.
No target in view!
You start resting.
You feel sick. x6
You are no longer poisoned.
You sense a monster nearby.
Search for what [Enter for "."]? dar
Items here: ( ) [ †.
w - 2 poisoned darts An iguana comes into view.
There is a stone staircase leading up here.
An iguana is nearby!
An iguana is nearby!
You shoot a sling bullet.
The sling bullet hits the iguana but does no damage.
The iguana hisses angrily.
You shoot a sling bullet. The sling bullet hits the iguana.
You shoot a sling bullet. The sling bullet hits the iguana.
You shoot a sling bullet.
The sling bullet closely misses the iguana.
Your +2 mace of holy wrath softly glows with a divine radiance!
b - a +2 mace of holy wrath (weapon)
The iguana bites you!
You closely miss the iguana. The iguana barely misses you.
You hit the iguana.
The iguana bites you but does no damage.
You hit the iguana but do no damage. The iguana bites you. x2
You hit the iguana. The iguana bites you!
You hit the iguana but do no damage. The iguana barely misses you.
The iguana bites you.
You barely miss the iguana. The iguana closely misses you.
You closely miss the iguana. The iguana bites you.
You hit the iguana. The iguana closely misses you.
The iguana barely misses you.
You barely miss the iguana. The iguana bites you!
* * * LOW HITPOINT WARNING * * *
You hit the iguana but do no damage. The iguana bites you!
* * * LOW HITPOINT WARNING * * *
The iguana bites you!
You die...

.#..'....._.....'.##..##.#####...
.##.#####...#####........#####.##
###.....#####.........##.......#
#....#.........####..##########
#.##......##.........# #.#
###.##>#########.# #.# #..
#.....# #.# .....###.##### #.#
.......@....# #.# .[....l#.##.#
... .......#.# # ....!..#..
.......##.# ....... .# ..).... ..
####### .#


You could see an iguana.

Vanquished Creatures
  A phantom (D:4)
  A scorpion (D:4)
  A howler monkey (D:4)
  A hound (D:3)
  An iguana (D:4)
  An orc wizard (D:4)
  Robin (D:4)
  2 gnolls (D:4)
  3 adders
  A white imp (D:4)
  3 worms
  3 dart slugs
  15 orcs
  6 endoplasms
  3 giant cockroaches
  10 goblins
  11 hobgoblins
  2 jackals (D:4)
  7 kobolds
  5 quokkas
  9 ball pythons
  4 bats
  4 frilled lizards
  12 rats
107 creatures vanquished.

Vanquished Creatures (collateral kills)
  An orc (D:3)
1 creature vanquished.

Vanquished Creatures (others)
  An orc priest (D:3)
  A gnoll (D:4)
2 creatures vanquished.

Grand Total: 110 creatures vanquished

Notes
Turn   | Place    | Note
-------+----------+-------------------------------------------
     0 | D:1      | ragingrage the Formicid Artificer began the quest for the
                  | Orb.
     0 | D:1      | Reached XP level 1. HP: 15/15 MP: 1/1
   345 | D:1      | Reached XP level 2. HP: 21/21 MP: 2/2
   447 | D:1      | Found a faded altar of an unknown god.
   541 | D:1      | Found Edasecku's Armour Shoppe.
   548 | D:1      | Reached XP level 3. HP: 25/27 MP: 3/3
  1077 | D:2      | Reached skill level 1 in Ranged Weapons
  1261 | D:2      | HP: 1/27 [worm (9)]
  1263 | D:2      | Reached XP level 4. HP: 1/33 MP: 4/4
  1466 | D:2      | Reached skill level 2 in Ranged Weapons
  1776 | D:2      | Identified the +2 robe of the Falcon {rC+ rCorr Dex+2}
  2504 | D:3      | Reached skill level 3 in Ranged Weapons
  2643 | D:3      | Reached XP level 5. HP: 29/38 MP: 5/5
  2939 | D:4      | Found a radiant altar of Vehumet.
  3096 | D:4      | Noticed a phantom
  3103 | D:4      | Killed a phantom
  3104 | D:4      | Reached skill level 4 in Ranged Weapons
  3485 | D:4      | Reached XP level 6. HP: 44/44 MP: 6/6
  3543 | D:4      | Reached skill level 5 in Ranged Weapons
  3762 | D:4      | Found a hide-covered altar of Uskayaw.
  3882 | D:4      | Found an ancient bone altar of Kikubaaqudgha.
  4148 | D:4      | Noticed an ogre
  4270 | D:4      | Noticed Robin
  4286 | D:3      | Reached XP level 7. HP: 30/50 MP: 7/7
  4394 | D:4      | Reached skill level 6 in Ranged Weapons
  4416 | D:4      | Killed Robin
  4478 | D:4      | Found a hazy altar of Hepliaklqana.
  4623 | D:4      | Became a worshipper of Hepliaklqana the Forgotten
  4719 | D:4      | Slain by an iguana

Illustrated notes

Levels and vault maps discovered:
D:1:      roderic_dead_forest, layout_basic, serial_shops, shop,
          hellmonk_ecumenical_altar_heavens_door
D:2:      layout_loops_ring
D:3:      layout_basic, minmay_quadrilaterals, uniq_jessica
D:4:      layout_loops_cross, kennysheep_mini_moat,
          mainiacjoe_overflow_surrounded_room, lemuel_crystal_altar,
          kiku_gazebo_pond_becter, mainiacjoe_overflow_catwalk, uniq_robin

Skill      XL: |  1  2  3  4  5  6  7 |
---------------+----------------------+-----
Stealth        | 2 |  2.3
Fighting       | 2 |  2.1
Ranged Weapons | 1 3 4 5 6 |  6.3
Armour         | |  2.1
Dodging        | |  0.8
Evocations     | |  3.7

Action                     |  1- 3 |  4- 6 |  7- 9 || total
---------------------------+-------+-------+-------++-------
  Melee: Mace              |    78 |    44 |    21 ||   143
         Club              |     8 |       |       ||     8
   Fire: Sling             |    11 |   261 |    51 ||   323
  Evoke: Wand              |     4 |     5 |       ||     9
    Use: Potion            |       |     2 |       ||     2
   Stab: Sleeping          |     2 |     1 |       ||     3
 Armour: Leather armour    |    19 |     6 |       ||    25
         Robe              |       |    39 |    15 ||    54
  Dodge: Dodged            |    50 |    79 |    32 ||   161

Table legend: (Time is in decaauts)
 A = Elapsed time spent in this place.
 B = Non-inter-level travel time spent in this place.
 C = Inter-level travel time spent in this place.
 D = Time resting spent in this place.
 E = Time spent auto-exploring this place.
 F = Levels seen in this place.
 G = Mean time per level.
                   A        B        C        D        E       F      G
               +--------+--------+--------+--------+--------+-----+--------+
         Total |   4833 |   4657 |    176 |   1492 |   1985 |   4 | 1208.2 |
       Dungeon |   4833 |   4657 |    176 |   1492 |   1985 |   4 | 1208.2 |
               +--------+--------+--------+--------+--------+-----+--------+

Top non-repeatable levels by time:
     D:4: 1720 daAuts
     D:2: 1107 daAuts
     D:1: 1056 daAuts
     D:3: 948 daAuts
